 Dungeon Crawl Stone Soup version 0.27-a0-1200-g94dc6ad4cf (webtiles) character file.

Game seed: 12958079466898838592

37601 Mesmaeker13 the Summoner (level 13, -1/75 HPs)
             Began as a Tengu Summoner on May 30, 2021.
             Was an Elder of Sif Muna.
             Slain by a centaur warrior (3 damage)
             ... on level 13 of the Dungeon.
             The game lasted 01:12:01 (32830 turns).

Mesmaeker13 the Summoner (Tengu Summoner)          Turns: 32830, Time: 01:12:02

Health: -1/75      AC: 10    Str:  8    XL:     13   Next: 97%
Magic:  13/24      EV: 18    Int: 25    God:    Sif Muna [****..]
Gold:   1008       SH: 16    Dex: 22    Spells: 5/25 levels left

rFire    + . .     SeeInvis .   T - +1 trident (venom)
rCold    . . .     Faith    .   a - +0 kite shield
rNeg     + . .     Spirit   .   n - +4 robe "Etioh" {rElec rPois}
rPois    +         Reflect  +   (helmet restricted)
rElec    +         Harm     .   s - +0 cloak
rCorr    +         Rampage  .   V - +2 pair of gloves {Dex+3}
Will     .....                  (boots unavailable)
Stlth    ++........             N - amulet of reflection
HPRegen  0.22/turn              R - ring of Xom's Recklessness {rF+ rN+ rCorr Dex+2}
MPRegen  0.19/turn              F - +6 ring of intelligence

@: flying quickly and evasively, quick
A: beak, talons 3, nimble flight
a: Renounce Religion, Channel Magic, Forget Spell, Divine Exegesis


You were on level 13 of the Dungeon.
You worshipped Sif Muna.
Sif Muna was greatly pleased with you.
You visited 3 branches of the dungeon, and saw 22 of its levels.

You collected 1342 gold pieces.
You spent 334 gold pieces at shops.

Inventory:

Hand Weapons
 d - a +3 scimitar of flaming
 T - a +1 trident of venom (weapon)
Missiles
 e - 78 poisoned darts (quivered)
 G - 5 throwing nets
Armour
 a - a +0 kite shield (worn)
 h - the +2 ratskin cloak {*Rats rPois rN+ Str-1 Int-1 Dex+1}
   (You found it on level 10 of the Dungeon)

   It affects your strength (-1).
   It affects your intelligence (-1).
   It affects your dexterity (+1).
   It protects you from poison.
   It protects you from negative energy.
 n - the +4 robe "Etioh" (worn) {rElec rPois}
   (You found it on level 6 of the Dungeon)

   It insulates you from electricity.
   It protects you from poison.
 s - a +0 cloak (worn)
 U - a +1 leather armour of cold resistance
 V - a +2 pair of gloves of dexterity (worn)
Magical Staves
 u - a staff of air
Jewellery
 j - an amulet of regeneration
 w - an amulet of the acrobat
 F - a +6 ring of intelligence (right hand)
 N - an amulet of reflection (around neck)
 R - the ring of Xom's Recklessness (left hand) {rF+ rN+ rCorr Dex+2}
   (You found it on level 6 of the Lair of Beasts)

   [ring of resist corrosion]

   It affects your dexterity (+2).
   It protects you from fire.
   It protects you from negative energy.
   It protects you from acid and corrosion.
Wands
 A - a wand of paralysis (18)
 C - a wand of iceblast (31)
 D - a wand of charming (1)
 K - a wand of digging (6)
Scrolls
 b - 4 scrolls of teleportation
 c - a scroll of magic mapping
 g - a scroll of blinking
 l - a scroll of enchant weapon
 o - 2 scrolls of fear
 r - a scroll of silence
 z - 2 scrolls of fog
 Q - a scroll of summoning
Potions
 f - 3 potions of haste
 i - 2 potions of resistance
 k - 8 potions of lignification
 q - a potion of curing
 t - a potion of invisibility {unknown}
 H - a potion of attraction {unknown}
 I - a potion of magic {unknown}
 J - a potion of brilliance {unknown}
 S - a potion of might {unknown}
Miscellaneous
 y - a tin of tremorstones (1/2)
 L - a box of beasts
 M - a condenser vane


   Skills:
 + Level 6.4 Fighting
 - Level 5.5 Dodging
 - Level 2.0 Stealth
 + Level 10.3 Shields
 - Level 6.7 Spellcasting
 + Level 13.8 Summonings
 * Level 4.3 Translocations
 - Level 8.0 Ice Magic
 - Level 10.0 Air Magic
 - Level 7.1 Invocations


You had 5 spell levels left.
You knew the following spells:

 Your Spells              Type           Power      Damage    Failure   Level
a - Summon Forest         Summ/Tloc      26%        N/A       9%          5
b - Airstrike             Air            27%        N/A       1%          4
c - Call Canine Familiar  Summ           67%        N/A       1%          3
d - Summon Lightning Spi  Summ/Air       61%        N/A       1%          4
e - Summon Ice Beast      Ice/Summ       58%        N/A       1%          4

Your spell library contained the following spells:

 Spells                   Type           Power      Damage    Failure   Level
 Apportation              Tloc           60%        N/A       1%          1
 Shock                    Conj/Air       100%       1d9       1%          1
 Summon Small Mammal      Summ           100%       N/A       1%          1
 Call Imp                 Summ           67%        N/A       1%          2
 Swiftness                Air            55%        N/A       1%          3
 Poisonous Vapours        Pois/Air       66%        N/A       2%          2
 Static Discharge         Conj/Air       33%        N/A       2%          2
 Summon Guardian Golem    Hex/Summ       43%        N/A       2%          3
 Animate Skeleton         Necr           16%        N/A       12%         1
 Beastly Appendage        Tmut           16%        N/A       12%         1
 Corona                   Hex            8%         N/A       12%         1
 Foxfire                  Conj/Fire      32%        2x1d5     12%         1
 Magic Dart               Conj           32%        1d4       12%         1
 Searing Ray              Conj           16%        3d3       19%         2
 Sublimation of Blood     Necr           4%         N/A       19%         2
 Wereblood                Tmut           8%         N/A       19%         2
 Summon Mana Viper        Hex/Summ       43%        N/A       21%         5
 Ice Form                 Ice/Tmut       28%        N/A       24%         4
 Conjure Flame            Conj/Fire      8%         6-21      36%         3
 Dazzling Flash           Conj/Hex       16%        N/A       36%         3
 Inner Flame              Hex/Fire       8%         N/A       36%         3
 Spider Form              Tmut/Pois      4%         N/A       36%         3
 Lightning Bolt           Conj/Air       16%        1d30      41%         5
 Iskenderun's Mystic Bla  Conj/Tloc      19%        2d6       45%         4
 Cause Fear               Hex            4%         N/A       77%         4
 Fulminant Prism          Conj/Hex       4%         3d6       77%         4
 Sticky Flame             Conj/Fire      8%         2d3       77%         4
 Agony                    Necr           8%         N/A       98%         5
 Bolt of Magma            Conj/Fire/Erth 4%         4d5       98%         5
 Fireball                 Conj/Fire      4%         3d4       98%         5
 Hydra Form               Tmut           4%         N/A       98%         5
 Iskenderun's Battlesphe  Conj           8%         2d6       98%         5
 Shadow Creatures         Summ           N/A        N/A       6%          6
 Summon Hydra             Summ           33%        N/A       34%         7
 Freezing Cloud           Conj/Ice/Air   19%        6-21      85%         6
 Spellforged Servitor     Conj/Summ      21%        N/A       99%         7
 Iron Shot                Conj/Erth      4%         9d2       100%        6
 Dragon Form              Tmut           4%         N/A       100%        7
 Orb of Destruction       Conj           4%         9d2       100%        7
 Dragon's Call            Summ           33%        N/A       100%        9


Dungeon Overview and Level Annotations

Branches:
Dungeon (15/15)            Temple (1/1) D:4            Lair (6/6) D:8
  Swamp (0/4) Lair:3       Spider (0/4) Lair:2
  Slime: Lair:5-6       Orc: D:9-12      Vaults: D:13-14     Depths: D:15

Altars:
Ashenzari
Cheibriados
Dithmenos
Elyvilon
Fedhas
Gozag
Hepliaklqana
Kikubaaqudgha
Makhleb
Nemelex Xobeh
Okawaru
Qazlal
Ru
Sif Muna
Trog
Uskayaw
Vehumet
Wu Jian
Xom
Yredelemnul
Zin
The Shining One
Lugonu

Shops:
D:10 (*[(!

Annotations:
D:6 exclusion: oklob plant
Lair:2 2 exclusions
Lair:3 exclusion: oklob plant
Lair:5 exclusion: oklob plant


Innate Abilities, Weirdness & Mutations

You have a beak for a mouth.
You have claws for feet.
Your magical nature lets you fly swiftly and evasively.


Message History

You reflect the arrow off an invisible shield around you!
The arrow hits the centaur.
Your ice beast hits the centaur warrior but does no damage.
You block the centaur warrior's attack. The centaur warrior misses you.
The centaur shoots an arrow.
The arrow barely misses you.
The centaur shoots an arrow.
The arrow hits you but does no damage.
The centaur closely misses your ice beast.
The centaur kicks your ice beast but does no damage.
Your ice beast hits the centaur.
Your ice beast freezes the centaur!
Your ice beast closely misses the centaur warrior.
You block the centaur warrior's attack.
The centaur warrior kicks you but does no damage.
Your ice beast closely misses the centaur warrior.
The centaur shoots an arrow.
You reflect the arrow off an invisible shield around you!
The arrow hits the centaur.
The centaur shoots an arrow.
The arrow hits you!
* * * LOW HITPOINT WARNING * * *
The centaur hits your ice beast.
The centaur kicks your ice beast but does no damage.
The centaur warrior hits you.
* * * LOW HITPOINT WARNING * * *
You block the centaur warrior's attack.
You feel better.
The centaur shoots an arrow.
The arrow hits you!
* * * LOW HITPOINT WARNING * * *
The centaur shoots an arrow.
You reflect the arrow off an invisible shield around you!
The arrow completely misses the centaur.
The arrow hits the centaur!
You kill the centaur!
Sif Muna accepts your kill.
Your ice beast hits the centaur warrior but does no damage.
Your ice beast hits the centaur.
Your ice beast freezes the centaur!!
The centaur dies!
Sif Muna accepts your kill.
Your ice beast hits the centaur warrior but does no damage.
An arrow appears from out of your range of vision.
The arrow hits your ice beast!! The centaur warrior hits you.
* * * LOW HITPOINT WARNING * * *
The centaur warrior kicks you.
You die...

..D..# .
.....##...# ..
...>......# #.
$.. ......###.#
##. .. .D...## .)
#.# ......
#.###..# .......
#.###.c.#)##
.....##.
#.......Y..#
..<..# #. #@c...#
.....# ##.
#.YY..# ...
#...<.####
....##.†......#
#............#...
#)...##.?........
#... #.....##...
#.. #......# ..
#. #..........


You could see a centaur warrior (ally target), a centaur and 3 friendly ice
beasts.

Vanquished Creatures
  2 boulder beetles
  A centaur warrior (D:14)
  A two-headed ogre (D:11)
  2 death yaks
  A sea snake (Lair:6)
  Pikel (D:7)
  An orc knight (D:14)
  A cyclops (D:11)
  An elephant (Lair:6)
  An unseen horror (D:11)
  2 komodo dragons
  4 rime drakes
  A hornet (Lair:6)
  A slime creature (D:15)
  5 yaks
  A hog (Lair:4)
  2 water moccasins
  An acid dragon (D:11)
  A necrophage (D:7)
  A wolf (Lair:3)
  4 centaurs
  A nameless horror (D:7)
  3 bullfrogs
  A scorpion (D:4)
  A killer bee (D:11)
  4 hounds
  An iguana (D:6)
  3 orc wizards
  A scorpion zombie (D:5)
  A howler monkey zombie (D:9)
  7 gnolls
  2 adders (D:6)
  2 shadow imps
  A howler monkey simulacrum (D:8)
  An ufetubus (D:7)
  A dart slug (D:2)
  11 orcs
  2 ball pythons
  An endoplasm (D:4)
  5 giant cockroaches
  A hobgoblin (D:1)
  7 jackals
  7 kobolds
  7 quokkas
  3 bats
  3 frilled lizards
  7 goblins (D:4)
  4 rats
123 creatures vanquished.

Vanquished Creatures (collateral kills)
  Kirke (Lair:4)
  A yaktaur captain (D:11)
  2 hydras
  An ice dragon (D:11)
  Harold (D:9)
  A boulder beetle (D:11)
  A merfolk avatar (Lair:6)
  Erica (D:10)
  2 centaur warriors
  4 death yaks
  4 two-headed ogres
  A tengu warrior (D:14)
  2 sea snakes (Lair:6)
  The ghost of polve the Basher, a novice GrFi of Qazlal (D:6)
  A harpy (Lair:6)
  3 slime creatures
  A wolf spider (D:11)
  3 cyclopes
  A manticore (D:11)
  7 black mambas
  16 elephants
  A torpor snail (Lair:6)
  5 rime drakes (Lair:6)
  8 cane toads
  7 komodo dragons
  2 trolls
  4 jumping spiders (Lair:2)
  3 polar bears
  2 tyrant leeches (Lair:3)
  A blink frog (shapeshifter) (D:15)
  13 dream sheep (Lair:4)
  3 hornets
  15 blink frogs
  2 shadows (D:8)
  4 redbacks (Lair:2)
  3 wyverns (Lair:6)
  3 wraiths
  2 vampires
  22 yaks
  5 hogs (Lair:4)
  A steam dragon (D:9)
  8 basilisks
  2 vampire mosquitoes (D:13)
  Menkaure (D:5)
  A warg (D:14)
  A swamp worm (Lair:3)
  A nameless horror (D:4)
  17 water moccasins
  3 orc warriors
  3 hornet zombies
  2 necrophages
  2 black bears
  4 ice beasts
  7 wolves
  An ogre (D:3)
  5 centaurs
  A phantom (D:6)
  4 lemures (D:7)
  2 kobold brigands (D:9)
  7 bullfrogs
  A scorpion (D:4)
  3 water moccasin zombies (D:5)
  A water moccasin skeleton (D:6)
  20 killer bees
  An electric eel (D:11)
  A howler monkey (D:6)
  3 centaur zombies
  A lava snake (Lair:4)
  5 orc priests
  A hound (D:5)
  A jelly (D:5)
  2 gnoll shamans (D:7)
  Terence (D:3)
  5 iguanas
  An orc wizard (D:3)
  2 hell rats (Lair:3)
  A killer bee zombie (D:7)
  2 centaur simulacra (D:8)
  3 howler monkey zombies
  Robin (D:4)
  11 gnolls
  14 river rats
  7 adders
  2 white imps (D:8)
  An ufetubus (D:8)
  An adder zombie (D:5)
  A dart slug (D:1)
  21 orcs
  3 ball pythons
  5 endoplasms
  2 giant cockroaches
  9 goblins
  4 hobgoblins
  5 jackals
  4 quokkas
  2 frilled lizards (D:9)
  6 kobolds (D:9)
  2 rats (D:1)
389 creatures vanquished.

Vanquished Creatures (others)
  A wizard (D:14)
  A bush (Lair:6)
  37 fungi
  69 plants
108 creatures vanquished.

Grand Total: 620 creatures vanquished

Notes
Turn   | Place    | Note
-------+----------+-------------------------------------------
     0 | D:1      | Mesmaeker13 the Tengu Summoner began the quest for the Orb.
     0 | D:1      | Reached XP level 1. HP: 10/10 MP: 4/4
   940 | D:1      | Reached skill level 5 in Summonings
   940 | D:1      | Reached XP level 2. HP: 15/15 MP: 6/6
  1192 | D:1      | Found a faded altar of an unknown god.
  2171 | D:2      | Learned a level 2 spell: Call Imp
  2253 | D:2      | Reached XP level 3. HP: 19/19 MP: 5/7
  2565 | D:2      | Learned a level 3 spell: Call Canine Familiar
  3722 | D:3      | Noticed an ogre
  3824 | D:3      | Reached XP level 4. HP: 24/24 MP: 9/9
  4276 | D:3      | Noticed Terence
  4292 | D:3      | Killed Terence
  4949 | D:3      | Killed an ogre
  4950 | D:3      | Gained mutation: Your magical nature lets you fly swiftly
                  | and evasively. [Tengu growth]
  4950 | D:3      | Reached XP level 5. HP: 28/28 MP: 2/10
  5045 | D:4      | Learned a level 4 spell: Summon Lightning Spire
  5079 | D:4      | Reached skill level 6 in Summonings
  5195 | D:4      | Reached skill level 1 in Air Magic
  5238 | D:4      | Found a staircase to the Ecumenical Temple.
  5262 | D:4      | Noticed Robin
  5277 | D:4      | Killed Robin
  5330 | Temple   | Entered the Ecumenical Temple
  5497 | Temple   | Became a worshipper of Sif Muna the Loreminder
  5540 | D:4      | Noticed a nameless horror
  5565 | D:5      | Entered Level 5 of the Dungeon
  5643 | D:5      | Reached XP level 6. HP: 20/32 MP: 5/12
  6199 | D:4      | Reached XP level 7. HP: 17/36 MP: 6/13
  6205 | D:4      | Killed a nameless horror
  6903 | D:4      | Found a glowing silver altar of Zin.
  7149 | D:5      | Reached * piety under Sif Muna
  7150 | D:5      | Reached skill level 5 in Dodging
  7213 | D:5      | Reached skill level 7 in Summonings
  7348 | D:5      | Found a burning altar of Makhleb.
  7372 | D:5      | Noticed Menkaure
  7381 | D:5      | Killed Menkaure
  7627 | D:5      | Found a basalt altar of Yredelemnul.
  7674 | D:5      | Reached XP level 8. HP: 19/41 MP: 12/15
  7886 | D:6      | Identified the +4 robe "Etioh" {rElec rPois}
  7915 | D:6      | Learned a level 4 spell: Summon Ice Beast
  7955 | D:6      | Found a shimmering altar of Xom.
  8122 | D:6      | Found a broken altar of Ashenzari.
  8479 | D:6      | Reached skill level 1 in Shields
  8554 | D:6      | Found a runed translucent gate.
  8555 | D:6      | Found a runed translucent gate.
  8555 | D:6      | Noticed a vampire
  8556 | D:6      | Found a runed translucent gate.
  8560 | D:6      | Noticed polve's ghost (novice GrFi)
  8658 | D:6      | Found an iron altar of Okawaru.
  8720 | D:6      | Reached skill level 1 in Ice Magic
  8720 | D:6      | Reached skill level 5 in Air Magic
  8765 | D:6      | Found a blossoming altar of Fedhas.
  8789 | D:6      | Noticed an oklob plant
 10118 | D:7      | Reached skill level 5 in Spellcasting
 10260 | D:7      | Reached ** piety under Sif Muna
 10262 | D:7      | Reached skill level 8 in Summonings
 10581 | D:7      | Reached XP level 9. HP: 45/45 MP: 17/17
 10782 | D:7      | Found a hide-covered altar of Uskayaw.
 10890 | D:7      | Noticed Pikel
 10891 | D:7      | Paralysed by Pikel for 5 turns
 10901 | D:7      | Killed Pikel
 11063 | D:8      | Noticed a death yak
 11490 | D:8      | Reached *** piety under Sif Muna
 11626 | D:8      | Reached skill level 9 in Summonings
 11743 | D:8      | Noticed a death yak
 11746 | D:8      | Noticed a death yak
 11759 | D:8      | Found a staircase to the Lair.
 11896 | D:8      | Found an ornate altar of the Wu Jian Council.
 11922 | D:8      | Found a shadowy altar of Dithmenos.
 13084 | D:9      | Noticed Harold
 13100 | D:9      | Killed Harold
 13101 | D:9      | Reached XP level 10. HP: 50/50 MP: 11/19
 13219 | D:9      | Reached skill level 5 in Shields
 13703 | D:9      | Found a stormy altar of Qazlal.
 13827 | D:9      | Reached **** piety under Sif Muna
 14304 | D:10     | Entered Level 10 of the Dungeon
 14319 | D:10     | Reached skill level 10 in Summonings
 14319 | D:10     | Reached skill level 5 in Ice Magic
 14465 | D:10     | Found Yweuh's Weapon Emporium.
 14542 | D:10     | Found a white marble altar of Elyvilon.
 14683 | D:10     | Found Qito's Antique Armour Boutique.
 14690 | D:10     | Bought a twisted scale mail for 297 gold pieces
 14690 | D:10     | Identified the +4 scale mail of Gluttony {Rampage Drain
                  | *Slow Will+++} (You bought it in a shop on level 10 of the
                  | Dungeon)
 14720 | D:10     | Reached skill level 1 in Invocations
 14922 | D:10     | Found a radiant altar of Vehumet.
 15198 | Lair:1   | Entered Level 1 of the Lair of Beasts
 15683 | Lair:1   | Noticed a four-headed hydra
 15697 | Lair:1   | Killed a four-headed hydra
 16522 | Lair:2   | Noticed a cane toad
 16522 | Lair:2   | Noticed a black mamba
 16614 | Lair:2   | Killed a black mamba
 16978 | Lair:2   | Killed a cane toad
 16979 | Lair:2   | Reached XP level 11. HP: 32/54 MP: 8/20
 17335 | Lair:2   | Found a hole to the Spider Nest.
 17695 | Lair:2   | Reached skill level 10 in Air Magic
 17843 | Lair:2   | Reached ***** piety under Sif Muna
 18120 | Lair:3   | Reached skill level 11 in Summonings
 18503 | Lair:3   | Identified Sif Muna's Handbook of Flying Unholy Rituals
                  | (Sif Muna gifted it to you on level 3 of the Lair of
                  | Beasts)
 18503 | Lair:3   | Received a gift from Sif Muna
 18771 | Lair:3   | Noticed an oklob plant
 19388 | Lair:3   | Found a staircase to the Swamp.
 20026 | Lair:4   | Noticed Kirke
 20028 | Lair:4   | Noticed a sphinx
 20030 | Lair:4   | Noticed a lindwurm
 20129 | Lair:4   | Noticed a lindwurm
 20129 | Lair:4   | Killed Kirke
 20735 | Lair:4   | Reached skill level 5 in Invocations
 20745 | Lair:4   | Reached XP level 12. HP: 33/59 MP: 21/21
 21122 | Lair:4   | Noticed a boulder beetle
 21385 | Lair:4   | Reached skill level 1 in Fighting
 21491 | Lair:4   | Reached skill level 12 in Summonings
 22000 | Lair:5   | Found a bloodstained altar of Trog.
 22858 | Lair:5   | Identified the ring of Emylaeck {rF- Will+ Int+3}
 23197 | Lair:6   | Entered Level 6 of the Lair of Beasts
 23197 | Lair:6   | Noticed a death yak
 23197 | Lair:6   | Noticed a death yak
 23197 | Lair:6   | Noticed a death yak
 24249 | Lair:6   | Received a gift from Sif Muna
 25039 | Lair:6   | Noticed a merfolk avatar
 25488 | Lair:6   | Killed a death yak
 25666 | Lair:6   | Reached XP level 13. HP: 48/70 MP: 7/23
 26042 | Lair:6   | Identified the ring of Xom's Recklessness {rF+ rN+ rCorr
                  | Dex+2}
 26203 | Lair:6   | Reached skill level 13 in Summonings
 27223 | D:8      | Reached skill level 5 in Fighting
 27501 | D:6      | Killed polve's ghost
 27709 | D:6      | Learned a level 5 spell: Summon Forest
 28064 | D:10     | Found Axzamn's Weapon Shop.
 28178 | D:10     | Found Giesat's Assorted Antiques.
 28187 | D:10     | Bought a scroll labelled CINEUJ WOCAENG for 37 gold pieces
 28285 | D:10     | Found Etwos's Distillery.
 28289 | D:10     | Noticed Erica
 28297 | D:10     | Killed Erica
 28441 | D:10     | Found the +2 ratskin cloak {*Rats rPois rN+ Str-1 Int-1
                  | Dex+1}
 28463 | D:10     | Found a sacrificial altar of Ru.
 28744 | D:11     | Noticed a storm dragon
 28748 | D:11     | Noticed an ettin
 28952 | D:11     | Reached skill level 1 in Translocations
 29513 | D:11     | Noticed an ettin
 29555 | D:11     | Noticed an ice dragon
 29577 | D:11     | Killed an ice dragon
 29591 | D:11     | Learned a level 4 spell: Airstrike
 29921 | D:11     | Noticed a yaktaur captain
 30253 | D:11     | Killed a yaktaur captain
 30254 | D:11     | Reached skill level 10 in Shields
 30929 | D:11     | Identified the +1 scale mail of Ru's Envy {rF+ Will+ Dex-2}
 30932 | D:11     | Identified the +0 ring mail of the Skies Above {rElec rF-
                  | rC+ Dex+5}
 31693 | D:12     | You are sucked into a shaft and drop 3 floors!
 31693 | D:15     | Entered Level 15 of the Dungeon
 32830 | D:13     | HP: 2/75 [centaur warrior (6)]
 32830 | D:13     | Slain by a centaur warrior

Illustrated notes

Levels and vault maps discovered:
D:1:      dpeg_arrival_three_smaller_balls, layout_basic,
          shapermc_ecumenical_altar_mp_urbaneastern, item_on_display_a
D:2:      layout_basic
D:3:      layout_loops_ring, glass_columns_b, small_statue_intersection,
          uniq_terence
D:4:      layout_loops_ring, zin_scriptorium, minmay_temple_entry_tees,
          uniq_robin
D:5:      layout_rooms, makhleb_heckhound_becter,
          nicolae_yredelemnul_corpse_copse, gup_sewer_entry_pipe, uniq_menkaure
D:6:      layout_loops_ring, nicolae_ashenzari_panopticon,
          nicolae_overflow_crystal_walls, lemuel_tele_altar, tgw_fedhas,
          gammafunk_ghost_split
D:7:      layout_loops_ring, nicolae_uskayaw_suspiria,
          hangedman_decor_slide_cut, uniq_pikel
D:8:      layout_loops_ring, lemuel_round_altar,
          nicolae_dithmenos_shadow_blocks, dpeg_lair_monsters, serial_ice,
          serial_ice_b, serial_ice_d, serial_ice_a, serial_ice_g, serial_ice_l,
          serial_ice_n, nrook_uturn
D:9:      layout_stronghold, kennysheep_mini_moat, minmay_lizard_king,
          uniq_harold
D:10:     layout_rooms, lemuel_coloured_pillars_altar,
          overflow_temple_1_default, elyvilon_altar_1, serial_shops, shop, shop,
          shop, shop, shop_fountains, uniq_erica
D:11:     minmay_complete_graph, layout_basic
D:12:     layout_roguey, orc_0_dummy
D:13:     layout_rooms, lightli_vaults_fourway_checkpoint
D:14:     layout_basic, serial_corexii_hall, corexii_hall_statues_x,
          corexii_hall_statues_t, chequers_hall_statues_wall_a,
          corexii_hall_statues_x, serial_shops, shop
D:15:     grunt_enter_depths_hoard, layout_long_grid, serial_shops, shop,
          kennysheep_inner_square
Temple:   corrupted_temple
Lair:1:   layout_cave_pods, infiniplex_staircase_pool_2
Lair:2:   layout_big_grid, nicolae_spider_entry_tight_spaces
Lair:3:   layout_regular_city, minmay_swamp_entry_worms, kennysheep_rathole
Lair:4:   layout_gridlike, uniq_kirke
Lair:5:   layout_layer_cave, minmay_slime_entry_oklob_enclosed, basic_altar,
          nicolae_quartered_pool_medium
Lair:6:   gammafunk_lair_ancient_temple, layout_hall_layers,
          nicolae_volcano_entry_hallway, grunt_forest_small_clearing_treed

Skill      XL: |  1  2  3  4  5  6  7  8  9 10 11 12 13 |
---------------+----------------------------------------+-----
Summonings     | 5 6 7 8 9 10 11 12 13 | 13.8
Dodging        | 3 4 5 |  5.5
Spellcasting   | 3 4 5 6 |  6.7
Air Magic      | 1 3 4 6 8 9 10 | 10.0
Shields        | 2 4 6 7 9 10 | 10.3
Ice Magic      | 2 4 5 7 8 |  8.0
Invocations    | 2 5 6 7 |  7.1
Fighting       | 4 6 |  6.4
Translocations | 4 |  4.3
Stealth        | |  2.0

Action                   |  1- 3 |  4- 6 |  7- 9 | 10-12 | 13-15 || total
-------------------------+-------+-------+-------+-------+-------++-------
Melee: Unarmed           |    19 |       |       |       |       ||    19
       Kick              |    11 |    11 |    49 |    72 |    35 ||   178
       Peck              |     6 |     7 |    29 |    45 |    36 ||   123
       Club              |    36 |       |       |       |       ||    36
       Short sword       |    18 |     3 |       |       |       ||    21
       War axe           |       |    65 |    29 |       |       ||    94
       Flail             |       |       |   155 |   213 |       ||   368
       Trident           |       |       |       |       |   152 ||   152
Throw: Dart              |    24 |     5 |     5 |       |       ||    34
 Cast: Summon Small Mamm |    31 |       |       |       |       ||    31
       Call Imp          |    20 |    38 |    11 |     1 |       ||    70
       Call Canine Famil |     1 |    12 |    30 |     7 |     3 ||    53
       Summon Lightning  |       |       |    56 |    86 |    44 ||   186
       Summon Ice Beast  |       |       |       |   206 |   104 ||   310
       Airstrike         |       |       |       |       |     8 ||     8
Invok: Channel Magic     |       |       |       |     5 |     1 ||     6
       Forget Spell      |       |       |       |       |     1 ||     1
Evoke: Wand              |       |       |     2 |     8 |    10 ||    20
       Tin of tremorston |       |       |       |     2 |       ||     2
       Box of beasts     |       |       |       |     1 |       ||     1
       Condenser vane    |       |       |       |     1 |       ||     1
  Use: Scroll            |     1 |     2 |     7 |    10 |     3 ||    23
       Potion            |       |     5 |       |     1 |     4 ||    10
 Stab: Sleeping          |     4 |     6 |     4 |       |     1 ||    15
       Distracted        |       |     1 |     5 |     8 |    10 ||    24
       Confused          |       |       |       |     1 |       ||     1
       Paralysed         |       |       |       |       |    11 ||    11
Armor: Robe              |    22 |       |    41 |    82 |    38 ||   183
       Leather armour    |       |    10 |    16 |       |       ||    26
Dodge: Dodged            |    94 |    85 |   178 |   226 |    90 ||   673
Block: Buckler           |       |       |       |    62 |     1 ||    63
       Kite shield       |       |       |       |       |    99 ||    99
       Reflection        |       |       |       |       |    13 ||    13

Table legend: (Time is in decaauts)
 A = Elapsed time spent in this place.
 B = Non-inter-level travel time spent in this place.
 C = Inter-level travel time spent in this place.
 D = Time resting spent in this place.
 E = Time spent auto-exploring this place.
 F = Levels seen in this place.
 G = Mean time per level.
                   A        B        C        D        E       F      G
               +--------+--------+--------+--------+--------+-----+--------+
         Total |  31921 |  30597 |   1324 |  12505 |  11063 |  22 | 1451.0 |
       Dungeon |  20180 |  19273 |    907 |   7230 |   7777 |  15 | 1345.3 |
        Temple |    179 |    179 |      0 |    135 |     21 |   1 |  179.0 |
          Lair |  11562 |  11146 |    416 |   5140 |   3264 |   6 | 1927.0 |
               +--------+--------+--------+--------+--------+-----+--------+

Top non-repeatable levels by time:
  Lair:6: 3160 daAuts
    D:10: 2190 daAuts
     D:1: 2171 daAuts
  Lair:3: 1946 daAuts
     D:8: 1916 daAuts
  Lair:4: 1813 daAuts
  Lair:5: 1806 daAuts
     D:7: 1772 daAuts
     D:6: 1749 daAuts
    D:11: 1689 daAuts
     D:9: 1595 daAuts
     D:2: 1588 daAuts
  Lair:2: 1481 daAuts
     D:5: 1476 daAuts
  Lair:1: 1355 daAuts
